 Dungeon Crawl Stone Soup version 0.28-a0-1080-g05a166d0ed (webtiles) character file.

Game seed: 13653590662982232068

6 Redcow54321 the Skirmisher (level 1, -1/18 HPs)
             Began as a Demonspawn Abyssal Knight on Dec 9, 2021.
             Was an Initiate of Lugonu.
             Slain by an adder (4 damage)
             ... on level 2 of the Dungeon.
             The game lasted 00:01:29 (339 turns).

Redcow54321 the Skirmisher (DsAK)                    Turns: 339, Time: 00:01:29

Health: -1/18      AC:  3    Str: 13    XL:     1   Next: 75%
Magic:  2/2        EV: 11    Int: 11    God:    Lugonu [......]
Gold:   16         SH:  0    Dex: 13    Spells: 0/0 levels left

rFire   . . .      SeeInvis .   a - +1 falchion
rCold   . . .      Faith    .   (no shield)
rNeg    . . .      Spirit   .   b - +0 leather armour
rPois   .          Reflect  .   (no helmet)
rElec   .          Harm     .   (no cloak)
rCorr   .          Rampage  .   (no gloves)
Will    .....                   (no boots)
Stlth   +.........              (no amulet)
HPRegen 0.06/turn               (no ring)
MPRegen 0.08/turn               (no ring)

@: no status effects
A: no striking features
a: Renounce Religion


You were on level 2 of the Dungeon.
You worshipped Lugonu.
Lugonu was noncommittal.
You visited 1 branch of the dungeon, and saw 2 of its levels.
You visited the Abyss 1 time.

You collected 16 gold pieces.

Inventory:

Hand Weapons
 a - a +1 falchion (weapon)
Armour
 b - a +0 leather armour (worn)
Potions
 c - 2 potions of heal wounds {unknown}
 d - a potion of degeneration {unknown}
 e - 2 potions of might {unknown}
Miscellaneous
 f - a phial of floods


   Skills:
 - Level 3.0 Fighting
 * Level 2.3 Long Blades
 - Level 1.7 Armour
 - Level 0.8 Dodging
 - Level 2.4 Invocations


You couldn't memorise any spells.
You didn't know any spells.
Your spell library was empty.

Dungeon Overview and Level Annotations

Branches:
Dungeon (1/15)

Altars:


Message History

No target in view!
You open the door.
An adder comes into view.
The adder hisses angrily.
The adder moves out of view.
An orc wizard comes into view. It is wielding a +0 dagger.
Found a dagger.
The orc wizard gestures wildly while chanting.
The orc wizard flickers and vanishes!
Deactivating autopickup; reactivate with Ctrl-A.
An adder is nearby!
You closely miss the adder. The adder closely misses you.
The adder barely misses you.
You closely miss the adder. The adder barely misses you.
You hit the adder.
The adder is heavily wounded.
The adder misses you. The adder bites you.
You miss the adder.
The adder is heavily wounded.
The adder closely misses you.
You barely miss the adder.
The adder is heavily wounded.
The adder bites you. x2
You are poisoned.
The adder poisons you!
You feel sick. The adder misses you.
You feel sick.
You feel sick. The adder barely misses you.
You feel sick.
You feel sick.
You feel sick. The adder bites you but does no damage.
You feel sick.
You are no longer poisoned.
A bat comes into view.
The bat misses you.
You hit the bat.
You kill the bat!
Lugonu accepts your kill. The adder bites you.
You die...

##### ####
###...#######...###
#..........S@.....#
#.##'#########.##.#
#( #..) .# # +.⌠..
.. #..... ..
###.... ## ##...
#.⌠.


You could see an adder.

Vanquished Creatures
  2 endoplasms (D:1)
  A goblin (D:1)
  A bat (D:2)
  2 kobolds (D:1)
6 creatures vanquished.

Notes
Turn   | Place    | Note
-------+----------+-------------------------------------------
     0 | Abyss:1  | Redcow54321 the Demonspawn Abyssal Knight began the quest
                  | for the Orb.
     0 | Abyss:1  | Reached XP level 1. HP: 18/18 MP: 2/2
    31 | Abyss:2  | Found a corrupted altar of Lugonu.
    74 | Abyss:2  | Noticed a tarantella
    74 | Abyss:2  | a shapeshifter changed into a tarantella
    74 | Abyss:2  | Noticed a small abomination
    75 | D:1      | Escaped the Abyss
   320 | D:1      | You fall into a shaft and drop 1 floor!
   325 | D:2      | Noticed an orc wizard
   339 | D:2      | Slain by an adder

Illustrated notes

Levels and vault maps discovered:
D:1:      psy_arrival_dodecagon, layout_loops_ring,
          chequers_ecumenical_altar_island, st_stairs_5, minmay_rat_gold_closets
D:2:      layout_loops_ring, grunt_ministairs_13, uniq_robin, uniq_terence

Skill      XL: |  1 |
---------------+----+-----
Long Blades    | 2 |  2.3
Fighting       | |  3.0
Armour         | |  1.7
Dodging        | |  0.8
Invocations    | |  2.4

Action                   || total
-------------------------++-------
Melee: Falchion          ||    16
Invok: Depart the Abyss  ||     1
Armor: Leather armour    ||     2
Dodge: Dodged            ||    11

Table legend: (Time is in decaauts)
 A = Elapsed time spent in this place.
 B = Non-inter-level travel time spent in this place.
 C = Inter-level travel time spent in this place.
 D = Time resting spent in this place.
 E = Time spent auto-exploring this place.
 F = Levels seen in this place.
 G = Mean time per level.
                   A        B        C        D        E       F      G
               +--------+--------+--------+--------+--------+-----+--------+
         Total |    341 |    341 |      0 |      0 |    233 |   4 |   85.2 |
       Dungeon |    266 |    266 |      0 |      0 |    219 |   2 |  133.0 |
         Abyss |     74 |     74 |      0 |      0 |     14 |   2 |   37.0 |
               +--------+--------+--------+--------+--------+-----+--------+

Top non-repeatable levels by time:
     D:1: 246 daAuts
 Abyss:2: 51 daAuts
 Abyss:1: 23 daAuts
     D:2: 19 daAuts
